 Dungeon Crawl Stone Soup version 0.27-b1-41-gafb5482f4b (webtiles) character file.

Game seed: 5873894197904864137

32 Acheron the Chiller (level 3, 0/26 HPs)
             Began as a Merfolk Ice Elementalist on July 28, 2021.
             Frozen to death by an endoplasm (5 damage)
             ... on level 3 of the Dungeon.
             The game lasted 00:08:39 (1209 turns).

Acheron the Chiller (Merfolk Ice Elementalist)      Turns: 1209, Time: 00:08:39

Health: 0/26       AC:  4    Str:  8    XL:     3   Next: 27%
Magic:  5/6        EV: 12    Int: 15    God:
Gold:   30         SH:  0    Dex: 14    Spells: 1/6 levels left

rFire    . . .     SeeInvis .   k - +0 short sword
rCold    . . .     Faith    .   (no shield)
rNeg     . . .     Spirit   .   a - +0 robe
rPois    .         Reflect  .   (no helmet)
rElec    .         Harm     .   (no cloak)
rCorr    .         Rampage  .   b - +1 pair of gloves
Will     .....                  (no boots)
Stlth    ++........             (no amulet)
HPRegen  0.08/turn              (no ring)
MPRegen  0.10/turn              (no ring)

@: no status effects
A: (nimble swimmer 2), mertail
a: no special abilities


You were on level 3 of the Dungeon.
You visited 1 branch of the dungeon, and saw 3 of its levels.

You collected 30 gold pieces.

Inventory:

Hand Weapons
 k - a +0 short sword (weapon)
Missiles
 j - 2 stones
Armour
 a - a +0 robe (worn)
 b - a +1 pair of gloves (worn)
Scrolls
 c - 3 scrolls of identify {unknown}
 d - a scroll of magic mapping {unknown}
 f - 2 scrolls of vulnerability {unknown}
 g - a scroll of blinking {unknown}
 h - a scroll of teleportation {unknown}
Potions
 e - a potion of flight {unknown}


   Skills:
 * Level 1.0 Fighting
 * Level 0.4 Short Blades
 * Level 2.7 Dodging
 * Level 2.2 Stealth
 + Level 0.1 Unarmed Combat
 * Level 2.3 Spellcasting
 + Level 5.0 Ice Magic


You had one spell level left.
You knew the following spells:

 Your Spells              Type           Power      Damage    Failure   Level
a - Freeze                Ice            64%        1d8       2%          1
b - Magic Dart            Conj           4%         1d3       22%         1
c - Frozen Ramparts       Ice            32%        1d5       9%          3

Your spell library contained the following spells:

 Spells                   Type           Power      Damage    Failure   Level
 Ozocubu's Armour         Ice            16%        N/A       9%          3
 Blink                    Tloc           N/A        N/A       32%         2
 Call Imp                 Summ           1%         N/A       32%         2
 Lesser Beckoning         Tloc           0%         N/A       54%         3
 Mephitic Cloud           Conj/Pois/Air  1%         N/A       54%         3
 Hailstorm                Conj/Ice       9%         3d4       58%         4
 Manifold Assault         Tloc           1%         N/A       99%         5


Dungeon Overview and Level Annotations

Branches:
Dungeon (3/15)

Altars:
Wu Jian

Annotations:
D:2 exclusion: downstairs, Sigmund


Innate Abilities, Weirdness & Mutations

((You are quick and stealthy near water. (Stealth+, EV+, Speed+++)))
Your lower body shifts to a powerful aquatic tail in water.


Message History

The hobgoblin barely misses you.
Found a spear and 14 gold pieces.
The hobgoblin hits you.
The endoplasm jiggles.
The orc shouts!
You're too confused to move!
The endoplasm freezes you.
You are frozen.
The hobgoblin closely misses you.
You hit the hobgoblin.
The hobgoblin is moderately wounded.
You feel less confused. The ball python barely misses you.
The ball python grabs you. The ball python constricts you.
The endoplasm freezes you.
You are frozen.
* * * LOW HITPOINT WARNING * * *
The hobgoblin hits you.
* * * LOW HITPOINT WARNING * * *
The ball python bites you but does no damage.
* * * LOW HITPOINT WARNING * * *
The ball python constricts you. The adder bites you.
* * * LOW HITPOINT WARNING * * *
It was a potion of curing.
You feel better. The endoplasm freezes you.
You are frozen.
The endoplasm barely misses you. The hobgoblin barely misses you.
The adder bites you.
The ball python bites you but does no damage.
The ball python constricts you.
Casting: Freeze (safe; 2% risk of failure)
Confirm with . or Enter, or press ? or * to list all spells.
Aiming: Freeze (safe; 2% risk of failure)
Press: ? - help, Shift-Dir - straight line, f - ball python
Aim: a ball python (constricting you)
You freeze the ball python.
You kill the ball python!
The endoplasm closely misses you. The adder bites you.
* * * LOW HITPOINT WARNING * * *
The endoplasm freezes you.
You are frozen.
You die...

.... #.....
#.....
#..$..###+####
#............#
#.#..........#
#......J..)..#
#.....J@....#
#......gS...#
#...........#
#.......o...#
#..#.###K#######
## ._..#.###...+
##.#...g..<#
..........#
.o.....o....


You could see an adder, an orc, 2 endoplasms, a hobgoblin, a goblin and a
kobold.

Vanquished Creatures
  A dart slug (D:1)
  4 ball pythons
  4 bats
  An endoplasm (D:1)
  3 goblins
  3 hobgoblins
  3 kobolds (D:1)
  2 quokkas (D:1)
  3 frilled lizards
  5 rats
29 creatures vanquished.

Notes
Turn   | Place    | Note
-------+----------+-------------------------------------------
     0 | D:1      | Acheron the Merfolk Ice Elementalist began the quest for
                  | the Orb.
     0 | D:1      | Reached XP level 1. HP: 13/13 MP: 3/3
   276 | D:1      | Reached XP level 2. HP: 19/19 MP: 3/5
   303 | D:1      | Learned a level 1 spell: Magic Dart
   797 | D:1      | Reached skill level 5 in Ice Magic
   799 | D:1      | Reached XP level 3. HP: 25/25 MP: 1/6
  1125 | D:2      | Reached skill level 1 in Fighting
  1149 | D:2      | Learned a level 3 spell: Frozen Ramparts
  1162 | D:2      | You fall into a shaft and drop 1 floor!
  1162 | D:3      | Found an ornate altar of the Wu Jian Council.
  1182 | D:2      | Noticed Sigmund
  1207 | D:3      | HP: 1/26 [adder (1)]
  1209 | D:3      | Frozen to death by an endoplasm

Illustrated notes

Levels and vault maps discovered:
D:1:      dpeg_arrival_water_fire, layout_loops_ring
D:2:      layout_basic, ebering_ecumenical_altar_hall, uniq_sigmund
D:3:      layout_basic, lemuel_crystal_altar, minmay_goblin_outpost

Skill      XL: |  1  2  3 |
---------------+----------+-----
Ice Magic      | 5 |  5.0
Fighting       | 1 |  1.0
Short Blades   | |  0.4
Dodging        | |  2.7
Stealth        | |  2.2
Unarmed Combat | |  0.1
Spellcasting   | |  2.3

Action                   || total
-------------------------++-------
Melee: Unarmed           ||    10
       Club              ||    10
       Short sword       ||    22
 Cast: Freeze            ||    26
  Use: Potion            ||     1
 Stab: Sleeping          ||     4
Armor: Robe              ||    17
Dodge: Dodged            ||    44
